AoeStats
← perromelocoton

MegaRandom

504999574Analyzed
1v1 RM · 24d ago on Sep 7, 2026· 38m 51s· 2 players
Game mode
Random Map
Map size
Tiny (2 player)
Population
200
Speed
Normal
Resources
Standard
Victory
Conquest
Starting age
Dark Age
Ending age
Imperial Age
RankedLock teamsTeams togetherTeam positionsShared explorationLock speedFull tech treeHidden civsTurbo modeCheats
Victory
Defeat
🇧🇷 Italians · Brazil
938
+15
🇪🇸 Gurjaras · Spain
927
-15
perromelocoton
2:30 Loom
10:40 Feudal Age
11:53 Double-Bit Axe
12:56 Bloodlines
15:12 Scale Barding Armor
18:21 Forging
23:32 Castle Age
21:27 Fletching
22:50 Horse Collar
23:21 Padded Archer Armor
26:30 Husbandry
30:02 Bodkin Arrow
39:00 Imperial Age
37:52 Ballistics
38:12 Masonry
Tony Righ
7:11 Loom
8:56 Loom
11:08 Feudal Age
16:00 Castle Age
14:57 Double-Bit Axe
16:20 Crossbowman
17:01 Fletching
22:09 Forging
28:46 Town Watch
29:40 Bodkin Arrow
37:28 Imperial Age
35:31 Bow Saw
36:29 Ballistics
38:58 Padded Archer Armor
38:59 Bracer
Connection lost

Rejoining the realm…

Still unreachable

The connection could not be restored.

Session expired

The server has moved on; the page needs a fresh start.